 Dungeon Crawl Stone Soup version 0.17-a0-848-g7e5c6af (webtiles) character file.

136131 FedoraBrony69 the Devastator (level 16, 11/85 HPs)
             Began as a Deep Elf Conjurer on Apr 27, 2015.
             Was the Champion of Vehumet.
             Quit the game on level 1 of the Abyss.
             The game lasted 03:23:05 (44975 turns).

FedoraBrony69 the Devastator (Deep Elf Conjurer)   Turns: 44975, Time: 03:23:05

Health: 11/85      AC: 11    Str:  9 (10) XL:     16   Next: 66%
Magic:  13/47      EV: 20    Int: 32      God:    Vehumet [******]
Gold:   115        SH:  6    Dex: 19      Spells: 9 memorised, 5 levels left

rFire  . . .     SeeInvis .     L - +3 double sword of Animal Spirits {slice, +Fly rElec MP+9 Dex+4}
rCold  . . .     Clarity  +     F - +2 robe {MR+}
rNeg   . . .     SustAb   .     b - +0 buckler
rPois  .         Gourm    .     C - +1 helmet
rElec  +         Spirit   .     D - +1 cloak
rCorr  .         Warding  .     y - +0 pair of gloves
rMut   +         Stasis   .     l - +1 pair of boots
MR     ++...                    R - amulet of resist mutation
Stlth  ++........               Q - +5 ring of intelligence
                                P - +4 ring of strength

@: very slightly contaminated, drained, very resistant to hostile enchantments,
unstealthy
A: blink 1, clarity, spit poison 1
a: Spit Poison, Blink, Renounce Religion, Evoke Flight


You were on level 1 of the Abyss.
You worshipped Vehumet.
Vehumet was exalted by your worship.
You were not hungry.

You visited 5 branches of the dungeon, and saw 26 of its levels.
You visited the Abyss 1 time.

You collected 2487 gold pieces.
You spent 2372 gold pieces at shops.

Inventory:

Hand weapons
 L - the +3 double sword of Animal Spirits (weapon) {slice, +Fly rElec MP+9 Dex+4}
   (You found it on level 1 of the Orcish Mines)

   It inflicts extra damage upon your enemies.
   It affects your dexterity (+4).
   It insulates you from electricity.
   It affects your magic capacity (+9).
   It lets you fly.
Armour
 b - a +0 buckler (worn)
 l - a +1 pair of boots (worn)
 y - a +0 pair of gloves (worn)
 C - a +1 helmet (worn)
 D - a +1 cloak (worn)
 F - a +2 robe of magic resistance (worn)
 N - the +0 robe "Wurinn" {rElec Dex+8, unknown}
   (You found it on level 1 of the Abyss)

   It affects your dexterity (+8).
   It insulates you from electricity.
Jewellery
 e - an uncursed amulet of warding
 q - an uncursed ring of teleport control {unknown}
 K - a +2 ring of evasion
 P - a +4 ring of strength (left hand)
 Q - a +5 ring of intelligence (right hand)
 R - an amulet of resist mutation (around neck)
Magical devices
 i - a wand of heal wounds (0)
 k - a wand of digging (0)
 u - a wand of fire (6)
 A - a wand of invisibility (2)
 E - a wand of teleportation (1)
Scrolls
 d - 2 scrolls of blinking
 f - 3 scrolls of magic mapping
 j - 2 scrolls of fog
 x - 6 scrolls of remove curse
 H - 6 scrolls of fear
 U - 5 scrolls of enchant weapon
 V - 2 scrolls of random uselessness
 X - a scroll of torment {unknown}
 Y - a scroll of noise {unknown}
 Z - a scroll of holy word {unknown}
Potions
 g - 5 potions of curing
 h - 3 potions of might
 t - a potion of resistance
 v - a potion of mutation {unknown}
 z - a potion of magic
 G - a potion of flight
 I - 4 potions of cancellation
 M - 5 potions of restore abilities
 S - 4 potions of agility
 T - 3 potions of invisibility
Books
 p - the Handbook of Cold
   (You found it on level 2 of the Elven Halls)

   Spells                             Type                      Level
   a - Ensorcelled Hibernation        Hexes/Ice                    2
   b - Throw Icicle                   Conjuration/Ice              4
   c - Metabolic Englaciation         Hexes/Ice                    5
   d - Bolt of Cold                   Conjuration/Ice              6
 r - the Disquisition on Necromancy
   (You found it on level 1 of the Elven Halls)

   Spells                             Type                      Level
   a - Animate Skeleton               Necromancy                   1
   b - Pain                           Necromancy                   1
   c - Corpse Rot                     Necromancy                   2
   d - Sublimation of Blood           Necromancy                   2
   e - Vampiric Draining              Necromancy                   3
   f - Simulacrum                     Ice/Necromancy               6
 w - a book of Beasts

   Spells                             Type                      Level
   a - Summon Butterflies             Summoning                    1
   b - Call Canine Familiar           Summoning                    3
   c - Summon Ice Beast               Ice/Summoning                4
   d - Summon Mana Viper              Hexes/Summoning              5
   e - Monstrous Menagerie            Summoning                    6
   f - Summon Hydra                   Summoning                    7
 B - a book of Party Tricks

   Spells                             Type                      Level
   a - Summon Butterflies             Summoning                    1
   b - Apportation                    Translocation                1
   c - Tukima's Dance                 Hexes                        3
   d - Alistair's Intoxication        Transmutation/Poison         4
   e - Invisibility                   Hexes                        6
 O - a book of the Dragon

   Spells                             Type                      Level
   a - Flight                         Charms/Air                   3
   b - Cause Fear                     Hexes                        4
   c - Bolt of Fire                   Conjuration/Fire             6
   d - Dragon Form                    Transmutation                7
   e - Dragon's Call                  Summoning                    9
Comestibles
 c - 15 bread rations
 m - 10 meat rations
 n - 11 fruits
 o - a beef jerky
 W - 5 slices of pizza


   Skills:
 - Level 4.3 Fighting
 - Level 2.3(2.2) Armour
 - Level 10.2(10.1) Dodging
 - Level 2.4(2.3) Stealth
 - Level 7.0 Shields
 - Level 16.3 Spellcasting
 + Level 16.5 Conjurations
 + Level 11.5 Charms
 - Level 15.5 Fire Magic
 - Level 2.1 Air Magic
 - Level 10.0(9.9) Evocations


You had 5 spell levels left.
You knew the following spells:

 Your Spells              Type           Power        Failure   Level  Hunger
a - Freezing Cloud        Conj/Ice/Air   ######....   5%          6    ##.....
b - Iskenderun's Battles  Conj/Chrm      #######.     1%          5    None
c - Iskenderun's Mystic   Conj           #######.     1%          4    None
d - Magic Dart            Conj           ####         0%          1    None
e - Orb of Destruction    Conj           #######...   1%          7    ####...
f - Delayed Fireball      Conj/Fire      N/A          1%          7    ####...
g - Iron Shot             Conj/Erth      ######....   3%          6    ##.....
h - Sublimation of Blood  Necr           ####......   2%          2    None
q - Force Lance           Conj/Tloc      ######..     1%          4    None


Dungeon Overview and Level Annotations

Branches:
Dungeon (11/15)            Temple (1/1) D:6            Lair (8/8) D:11
 Shoals (0/4) Lair:3       Spider (0/4) Lair:4        Slime (0/6) Lair:8
    Orc (4/4) D:9             Elf (2/3) Orc:4

Altars:
Ashenzari
Cheibriados
Dithmenos
Elyvilon
Fedhas
Gozag
Kikubaaqudgha
Makhleb
Nemelex Xobeh
Okawaru
Qazlal
Ru
Sif Muna
Trog
Vehumet
Xom
Yredelemnul
Zin
The Shining One
Beogh
Jiyva

Shops:
D:6 (   D:7 [   D:10 [   D:11 ?   Orc:1 (*=*   Orc:4 (((=   Elf:2 ?

Annotations:
Lair:2 Fannar


Innate Abilities, Weirdness & Mutations

You can translocate small distances at will.
You possess an exceptional clarity of mind.
You can spit weak poison.


Message History

Casting: Iskenderun's Mystic Blast
Confirm with . or Enter, or press ? or * to list all spells.
You don't know that spell.
You barely miss the raiju.
The raiju is moderately wounded.
The raiju bites you but does no damage. The raiju completely misses you.
Eat which item? (? for menu, Esc to quit)
You don't have any such object.
Eat which item? (? for menu, Esc to quit)
Huh?
Eat which item? (? for menu, Esc to quit)
Okay, then.
Unknown command.
Unknown command.
Drink which item? (? for menu, Esc to quit)
Okay, then.
Unknown command.
Unknown command.
Unknown command.
Are you sure you want to abandon this character and quit the game? (Confirm with "yes".)

. . . ## .#
..... #. #..
..#...
..§.§...##
...†§3...h##
# #§ ...#@#
#..†.h#
........##
........
#..#...( # #
.#...# #...
#.... ...


You could see 2 raiju and a neqoxec.

Vanquished Creatures
  Rupert (Orc:3)
  An acid blob (Lair:8)
  A deep elf sorcerer (Elf:2)
  An orc warlord (Orc:4)
  Azrael (Elf:1)
  The ghost of Sixotanaka the Severer, a powerful DDFi of Makhleb (D:11)
  2 deep elf death magi (Elf:1)
  Josephine (Lair:6)
  4 fire dragons (Elf:2)
  A deep elf high priest (Elf:2)
  Harold (Orc:3)
  11 hydras
  An ogre mage (D:10)
  3 catoblepae (Lair:8)
  A hell beast (Elf:2)
  3 dancing weapons (Elf:2)
  12 death yaks (Lair:8)
  2 thrashing horrors (Abyss:1)
  11 orc high priests
  Urug (Orc:1)
  9 deep elf knights
  A wretched star (Abyss:1)
  2 hill giants (D:11)
  An ice statue (D:9)
  3 necromancers (Elf:1)
  7 orc sorcerers
  5 deep elf summoners
  4 harpies (Elf:2)
  7 orc knights
  13 deep elf conjurers
  The ghost of FedoraBrony69 the Infuser, an experienced DECj of Vehumet (D:7)
  3 griffons
  5 manticores (Elf:2)
  2 ugly things
  12 black mambas
  12 elephants
  A cyclops (D:10)
  A smoke demon (Abyss:1)
  8 large abominations
  13 spiny frogs
  5 komodo dragons
  4 deep elf priests
  2 fire drakes
  A merfolk (shapeshifter) (Elf:1)
  A polar bear (Lair:8)
  6 raiju (Abyss:1)
  Grinder (D:6)
  6 two-headed ogres
  Prince Ribbit (D:6)
  A jumping spider (shapeshifter) (Elf:2)
  3 trolls (Orc:4)
  6 blink frogs
  2 boulder beetles (Lair:8)
  A flying skull (Abyss:1)
  A trapdoor spider (D:11)
  4 starcursed masses (Abyss:1)
  A trapdoor spider (shapeshifter) (Elf:2)
  A wyvern (Elf:2)
  A shadow (D:11)
  3 spriggans
  32 yaks
  16 deep elf magi
  A hungry ghost (D:9)
  A neqoxec (Abyss:1)
  13 deep elf fighters
  21 wolves
  7 basilisks
  10 hippogriffs
  2 fire bats (Abyss:1)
  4 wraiths (Lair:6)
  A chaos spawn (Abyss:1)
  Grum (D:9)
  2 fire elementals (Elf:1)
  A human (D:8)
  10 wargs
  7 hell hounds
  13 porcupines
  2 sky beasts
  70 orc warriors
  2 ice beasts
  17 water moccasins
  A necrophage (D:8)
  8 spiders (Lair:4)
  4 phantoms
  5 black bears
  A boring beetle (Lair:8)
  14 centaurs
  An eye of draining (D:11)
  A wasp (D:11)
  21 ogres
  19 giant frogs
  Blork the orc (D:6)
  An elf zombie (Elf:1)
  20 crocodiles
  A big kobold (D:7)
  A wyvern zombie (D:11)
  A small abomination (Abyss:1)
  2 scorpions
  7 killer bees (D:9)
  3 wights (D:8)
  9 electric eels (D:8)
  5 crimson imps
  A gnoll shaman (D:7)
  11 worker ants
  Crazy Yiuf (D:5)
  43 orc priests
  2 centaur skeletons (D:4)
  8 hounds
  9 iguanas
  A jelly (D:8)
  50 orc wizards
  A quasit (D:11)
  5 giant frog skeletons
  A hell rat (Elf:2)
  A killer bee zombie (D:7)
  31 sheep
  2 hound skeletons
  2 worker ant zombies
  Robin (D:4)
  11 adders
  9 gnolls
  40 river rats
  2 shadow imps
  4 ufetubi (Abyss:1)
  4 adder skeletons
  317 orcs
  20 bats
  3 bat skeletons (D:6)
  A bat zombie (D:6)
  5 giant cockroaches
  23 hobgoblins
  22 jackals
  17 kobolds
  4 quokkas
  3 ball pythons
  A giant cockroach zombie (D:6)
  5 giant geckos
  A giant gecko zombie (D:7)
  6 giant newts
  3 giant spores
  35 goblins
  A lurking horror (Abyss:1)
  2 quokka skeletons
  25 rats
  5 ballistomycetes
  2 crawling corpses (Elf:1)
  5 fungi
  2 plants
1328 creatures vanquished.

Vanquished Creatures (others)
  A deep elf mage (Elf:1)
  A giant spore (D:9)
  A ballistomycete (D:9)
  5 fungi
  3 plants (Lair:8)
11 creatures vanquished.

Grand Total: 1339 creatures vanquished

Notes
Turn   | Place    | Note
--------------------------------------------------------------
     0 | D:1      | FedoraBrony69, the Deep Elf Conjurer, began the quest for the Orb.
     0 | D:1      | Reached XP level 1. HP: 10/10 MP: 6/6
   222 | D:1      | Reached XP level 2. HP: 15/15 MP: 5/8
   509 | D:1      | Reached skill level 5 in Conjurations
   521 | D:1      | Reached XP level 3. HP: 5/19 MP: 1/10
  1253 | D:2      | Found a shimmering altar of Xom.
  1325 | D:2      | Reached XP level 4. HP: 24/24 MP: 7/12
  1973 | D:3      | Reached skill level 6 in Conjurations
  1984 | D:3      | Reached skill level 5 in Spellcasting
  1984 | D:3      | Reached XP level 5. HP: 16/28 MP: 6/14
  1991 | D:3      | Learned a level 5 spell: Iskenderun's Battlesphere
  1996 | D:3      | Learned a level 4 spell: Iskenderun's Mystic Blast
  2163 | D:3      | Found a white marble altar of Elyvilon.
  2278 | D:3      | Reached skill level 1 in Charms
  2678 | D:4      | Reached XP level 6. HP: 28/32 MP: 5/16
  2790 | D:4      | Found a shattered altar of Ashenzari.
  3011 | D:4      | Noticed Robin
  3011 | D:4      | Killed Robin
  3317 | D:4      | Found a glowing golden altar of the Shining One.
  3342 | D:4      | Reached skill level 5 in Charms
  3510 | D:4      | Reached XP level 7. HP: 36/36 MP: 1/18
  3776 | D:5      | Entered Level 5 of the Dungeon
  3969 | D:5      | Found a shadowy altar of Dithmenos.
  4108 | D:5      | Reached skill level 7 in Conjurations
  4115 | D:5      | Gained mutation: You can spit weak poison. [mutagenic meat]
  4116 | D:5      | Gained mutation: You possess an exceptional clarity of mind. [mutagenic meat]
  4117 | D:5      | Gained mutation: You are partially covered in slimy green scales (AC +2). [mutagenic meat]
  4118 | D:5      | Gained mutation: You can translocate small distances at will. [mutagenic meat]
  4120 | D:5      | Lost mutation: You are partially covered in slimy green scales (AC +2). [mutagenic meat]
  4365 | D:5      | Found a sparkling altar of Nemelex Xobeh.
  4367 | D:5      | Found a bloodstained altar of Trog.
  4421 | D:5      | Found a basalt altar of Yredelemnul.
  4749 | D:5      | Noticed Crazy Yiuf
  4751 | D:5      | Killed Crazy Yiuf
  4751 | D:5      | Reached skill level 8 in Charms
  4836 | D:6      | Reached XP level 8. HP: 41/41 MP: 13/20
  4848 | D:6      | Found Horph's Weapon Shop.
  5009 | D:6      | Noticed Grinder
  5016 | D:6      | Killed Grinder
  5315 | D:6      | Noticed Blork the orc
  5322 | D:6      | Killed Blork the orc
  5463 | D:6      | Found a deep blue altar of Sif Muna.
  5905 | D:6      | Reached skill level 9 in Spellcasting
  5954 | D:6      | Noticed Prince Ribbit
  5959 | D:6      | Killed Prince Ribbit
  6125 | D:6      | Found a staircase to the Ecumenical Temple.
  6415 | Temple   | Entered the Ecumenical Temple
  6494 | Temple   | Became a worshipper of Vehumet
  6576 | D:7      | Reached XP level 9. HP: 45/45 MP: 15/24
  6771 | D:7      | Noticed FedoraBrony69's ghost (experienced DECj)
  6773 | D:7      | Killed FedoraBrony69's ghost
  6773 | D:7      | Reached skill level 10 in Spellcasting
  6807 | D:7      | Reached skill level 10 in Conjurations
  6986 | D:7      | Found Itahir's Armour Shop.
  7048 | D:7      | Reached skill level 11 in Spellcasting
  7059 | D:7      | Acquired Vehumet's first power
  7059 | D:7      | Offered knowledge of Sting by Vehumet.
  7389 | D:7      | Found a glowing golden altar of the Shining One.
  7389 | D:7      | Noticed a deep elf priest
  7396 | D:7      | Killed a deep elf priest
  7521 | D:7      | Found a sacrificial altar of Ru.
  7531 | D:7      | Learned a level 6 spell: Freezing Cloud
  7536 | D:7      | Learned a level 4 spell: Force Lance
  8032 | D:7      | Learned a level 3 spell: Conjure Flame
  8056 | D:8      | Reached skill level 1 in Fighting
  8106 | D:8      | Reached skill level 1 in Fire Magic
  8335 | D:8      | Reached XP level 10. HP: 52/52 MP: 9/27
  8770 | D:8      | Offered knowledge of Sandblast by Vehumet.
  9247 | D:8      | Found a burning altar of Makhleb.
  9947 | D:9      | Reached skill level 12 in Spellcasting
 10089 | D:9      | Noticed Grum
 10096 | D:9      | Killed Grum
 10217 | D:9      | Reached skill level 5 in Fire Magic
 10226 | D:9      | Reached skill level 5 in Dodging
 10331 | D:9      | Noticed a white ugly thing
 10340 | D:9      | Killed a white ugly thing
 10499 | D:9      | Offered knowledge of Inner Flame by Vehumet.
 10882 | D:9      | Acquired Vehumet's second power
 10998 | D:9      | Noticed an ice statue
 11182 | D:9      | Killed an ice statue
 11182 | D:9      | Reached XP level 11. HP: 34/60 MP: 14/29
 11534 | D:9      | Found a staircase to the Orcish Mines.
 11716 | D:10     | Entered Level 10 of the Dungeon
 12005 | D:10     | Found Baitoeleapn's Antique Armour Boutique.
 12008 | D:10     | Bought a brightly glowing robe for 182 gold pieces
 12187 | D:10     | Found a runed door.
 12259 | D:10     | Noticed an ogre mage
 12259 | D:10     | Noticed a deep elf knight
 12261 | D:10     | Killed an ogre mage
 12263 | D:10     | Killed a deep elf knight
 12263 | D:10     | Offered knowledge of Ignite Poison by Vehumet.
 12282 | D:10     | Identified the +1 robe of Inviolability {Contam rPois rF+ MR-} (You bought it in a shop on level 10 of the Dungeon)
 12420 | D:11     | Found Peam's Magic Scroll Boutique.
 12425 | D:11     | Bought a scroll of identify for 30 gold pieces
 12425 | D:11     | Bought a scroll of identify for 30 gold pieces
 12425 | D:11     | Bought a scroll of identify for 30 gold pieces
 12470 | D:11     | Noticed a five-headed hydra
 12708 | D:11     | Acquired Vehumet's third power
 12795 | D:11     | Got a bloodstained leather armour
 12831 | D:11     | Offered knowledge of Bolt of Magma by Vehumet.
 13190 | D:11     | Noticed a hill giant
 13195 | D:11     | Killed a hill giant
 13336 | D:11     | Noticed a hill giant
 13340 | D:11     | Killed a hill giant
 13355 | D:11     | Noticed Sixotanaka's ghost (powerful DDFi)
 13717 | D:11     | Reached skill level 13 in Spellcasting
 13907 | D:11     | Found a staircase to the Lair.
 13911 | D:11     | Reached skill level 1 in Armour
 14706 | D:11     | Killed Sixotanaka's ghost
 14792 | Lair:1   | Entered Level 1 of the Lair of Beasts
 14905 | Lair:1   | Reached XP level 12. HP: 67/67 MP: 13/31
 15006 | D:11     | Killed a five-headed hydra
 15180 | Lair:1   | Reached skill level 1 in Air Magic
 15257 | Lair:1   | Reached skill level 1 in Shields
 15782 | Lair:1   | Offered knowledge of Iron Shot by Vehumet.
 15840 | Lair:1   | Learned a level 6 spell: Iron Shot
 16674 | Lair:2   | Found a shimmering altar of Xom.
 17237 | Lair:2   | Identified the +2 leather armour of Honour {+Blink rElec MP-9 Int-3} (You found it on level 11 of the Dungeon)
 17242 | Lair:2   | Noticed a seven-headed hydra
 17245 | Lair:2   | Killed a seven-headed hydra
 17245 | Lair:2   | Reached skill level 10 in Fire Magic
 17428 | Lair:3   | Noticed a five-headed hydra
 17431 | Lair:3   | Killed a five-headed hydra
 17588 | Lair:3   | Reached skill level 14 in Spellcasting
 17842 | Lair:3   | Found a shattered altar of Ashenzari.
 18279 | Lair:3   | Found a staircase to the Shoals.
 18282 | Lair:3   | Noticed Fannar
 18987 | Lair:3   | Reached XP level 13. HP: 71/71 MP: 21/33
 19242 | Lair:4   | Reached skill level 5 in Shields
 19484 | Lair:4   | Found a hole to the Spider Nest.
 19658 | Lair:4   | Found a sacrificial altar of Ru.
 20943 | Lair:5   | Offered knowledge of Orb of Destruction by Vehumet.
 20952 | Lair:5   | Learned a level 7 spell: Orb of Destruction
 22225 | Lair:6   | Noticed Josephine
 22371 | Lair:6   | Killed Josephine
 23175 | Lair:7   | Reached skill level 10 in Dodging
 24202 | Lair:8   | Entered Level 8 of the Lair of Beasts
 24206 | Lair:8   | Reached skill level 15 in Spellcasting
 24501 | Lair:8   | Found a radiant altar of Vehumet.
 24892 | Lair:8   | Reached XP level 14. HP: 76/76 MP: 12/35
 25571 | Lair:8   | Found a staircase to the Slime Pits.
 26229 | Lair:8   | Offered knowledge of Delayed Fireball by Vehumet.
 26238 | Lair:8   | Learned a level 7 spell: Delayed Fireball
 26935 | Lair:8   | Noticed an acid blob
 26940 | Lair:8   | Killed an acid blob
 27024 | Lair:8   | Found a viscous altar of Jiyva.
 28849 | Lair:8   | Identified Sif Muna's Papyrus of Freezing Summoning (You found it on level 8 of the Lair of Beasts)
 29183 | Orc:1    | Entered Level 1 of the Orcish Mines
 29503 | Orc:1    | Offered knowledge of Bolt of Fire by Vehumet.
 29719 | Orc:1    | Found Sosussag's Jewellery Boutique.
 30160 | Orc:1    | Reached skill level 16 in Spellcasting
 30358 | Orc:1    | Found Kiapnen's Assorted Antiques.
 30361 | Orc:1    | Found Muteschut's Antique Weapon Shop.
 30373 | Orc:1    | Noticed Urug
 30378 | Orc:1    | Killed Urug
 31131 | Orc:1    | Found Zetitoy's General Store.
 31145 | Orc:1    | Bought a scroll of identify for 24 gold pieces
 31500 | Orc:3    | Offered knowledge of Spellforged Servitor by Vehumet.
 31527 | Orc:3    | Found a shimmering altar of Xom.
 31545 | Orc:3    | Noticed Harold
 31553 | Orc:3    | Killed Harold
 32446 | Orc:3    | Noticed Rupert
 32463 | Orc:3    | Killed Rupert
 32463 | Orc:3    | Reached XP level 15. HP: 71/80 MP: 3/37
 32845 | Orc:4    | Entered Level 4 of the Orcish Mines
 33408 | Orc:4    | Found a roughly hewn altar of Beogh.
 33548 | Orc:4    | Found Nediylom's Antique Weapon Emporium.
 33557 | Orc:4    | Bought a dazzling quarterstaff for 297 gold pieces
 33557 | Orc:4    | Bought a steaming hand crossbow for 280 gold pieces
 33574 | Orc:4    | Found Kaveth's Antique Weapon Shoppe.
 33579 | Orc:4    | Identified the cursed +1 hand crossbow "Murmur" {venom, Contam rElec rPois Dex+10} (You bought it in a shop on level 4 of the Orcish Mines)
 34397 | Orc:4    | Offered knowledge of Poison Arrow by Vehumet.
 36034 | Orc:4    | Offered knowledge of Conjure Ball Lightning by Vehumet.
 36926 | Orc:4    | Reached skill level 15 in Conjurations
 36926 | Orc:4    | Reached skill level 15 in Fire Magic
 37218 | Orc:4    | Paralysed by an orc sorcerer for 5 turns
 37649 | Orc:4    | Found a roughly hewn altar of Beogh.
 37966 | Orc:4    | Found Kema Bil's Antique Weapon Emporium.
 38166 | Orc:4    | Found Inlyinwaona's Jewellery Shoppe.
 38340 | Orc:4    | Bought a cursed amulet of inaccuracy for 28 gold pieces
 38340 | Orc:4    | Bought an uncursed amulet of stasis for 245 gold pieces
 38340 | Orc:4    | Bought a +5 ring of intelligence for 576 gold pieces
 38340 | Orc:4    | Bought an uncursed amulet of resist mutation for 560 gold pieces
 38460 | Orc:4    | Offered knowledge of Fire Storm by Vehumet.
 38460 | Orc:4    | Offered knowledge of Shatter by Vehumet.
 38460 | Orc:4    | Offered knowledge of Tornado by Vehumet.
 38757 | Orc:4    | Found a staircase to the Elven Halls.
 39051 | Orc:4    | Learned a level 2 spell: Sublimation of Blood
 39621 | Orc:1    | Got an ichor-stained double sword
 39822 | Orc:1    | Identified the +3 double sword of Animal Spirits {slice, +Fly rElec MP+9 Dex+4} (You found it on level 1 of the Orcish Mines)
 39828 | Orc:1    | Identified the cursed +1 quarterstaff of the Unkillable {drain, Stlth+} (You bought it in a shop on level 4 of the Orcish Mines)
 40214 | Elf:1    | Entered Level 1 of the Elven Halls
 40219 | Elf:1    | Reached skill level 1 in Evocations
 40806 | Elf:1    | Reached skill level 5 in Evocations
 41146 | Elf:1    | Noticed Azrael
 41214 | Elf:1    | Killed Azrael
 41716 | Elf:1    | Identified the Disquisition on Necromancy
 41855 | Elf:1    | Reached XP level 16. HP: 76/85 MP: 37/38
 42321 | Elf:2    | Reached skill level 10 in Evocations
 42349 | Elf:2    | HP: 2/85 [fire dragon/blast of flame (46)]
 43112 | Elf:2    | Found a runed gate.
 43112 | Elf:2    | Found a runed gate.
 43113 | Elf:2    | Found a runed gate.
 43150 | Elf:2    | Reached skill level 10 in Charms
 43152 | Elf:2    | Found Hied's Magic Scroll Shoppe.
 43193 | Elf:2    | Bought a scroll of identify for 30 gold pieces
 43193 | Elf:2    | Bought a scroll of identify for 30 gold pieces
 43193 | Elf:2    | Bought a scroll of identify for 30 gold pieces
 43470 | Elf:2    | Identified the Handbook of Cold
 43763 | Elf:2    | Cast into the Abyss (a deep elf demonologist)
 43914 | Abyss:1  | Got a wizard robe
 44109 | Abyss:1  | Noticed a bone dragon
 44143 | Abyss:1  | Noticed a bone dragon
 44462 | Abyss:1  | Found a corrupted altar of Lugonu.
 44701 | Abyss:1  | HP: 4/85 [large abomination (11)]
 44975 | Abyss:1  | Quit the game

Action                   |  1- 3 |  4- 6 |  7- 9 | 10-12 | 13-15 | 16-18 || total
-------------------------+-------+-------+-------+-------+-------+-------++-------
Melee: Short sword       |    17 |       |       |       |       |       ||    17
       Spear             |       |    21 |     6 |       |       |       ||    27
       Trident           |       |       |    12 |       |       |       ||    12
       Staff             |       |       |    10 |    60 |    81 |       ||   151
       Double sword      |       |       |       |       |       |     6 ||     6
 Fire: Hand crossbow     |       |       |       |       |     8 |       ||     8
 Cast: Magic Dart        |    67 |   154 |   149 |   174 |    76 |     1 ||   621
       Iskenderun's Myst |       |    10 |    78 |   297 |   913 |   115 ||  1413
       Iskenderun's Batt |       |       |    22 |    79 |    83 |     4 ||   188
       Force Lance       |       |       |       |    19 |    34 |       ||    53
       Orb of Destructio |       |       |       |       |    59 |    15 ||    74
       Delayed Fireball  |       |       |       |       |    41 |     3 ||    44
       Freezing Cloud    |       |       |       |       |    54 |    33 ||    87
       Iron Shot         |       |       |       |       |       |     2 ||     2
 Abil: Spit Poison       |       |       |     1 |       |       |       ||     1
       Blink             |       |       |       |    11 |     1 |       ||    12
       Release Delayed F |       |       |       |       |    40 |     4 ||    44
Evoke: Wand              |       |       |       |       |     1 |     4 ||     5
  Use: Scroll            |       |       |    10 |    11 |    16 |    10 ||    47
       Potion            |       |       |       |       |     1 |     9 ||    10
  Eat: Chunk             |       |     8 |    28 |    36 |    98 |     9 ||   179
       Pizza             |       |       |       |     1 |     4 |       ||     5
       Beef jerky        |       |       |       |     2 |       |       ||     2
       Meat ration       |       |       |       |       |       |     1 ||     1
